[Event "44th Chess Olympiad Women 2022"]
[Site "Chennai"]
[Date "2022.08.03"]
[Round "6.21"]
[White "Pipiras, Filipa Fortuna"]
[Black "Brunello, Marina"]
[Result "1/2-1/2"]
[WhiteElo "2139"]
[BlackElo "2341"]
[Annotator "TA"]
[PlyCount "140"]
[EventDate "2022.??.??"]
[TimeControl "60"]

1. d4 Nf6 2. c4 c5 3. d5 e6 4. Nc3 exd5 5. cxd5 d6 6. Nf3 g6 7. Nd2 Bg7 8. e4 O-O 9. Be2 Na6 10. O-O Nc7 11. a4 Qe7 {[%emt 0:05:34] A73: Modern
Benoni: Classical: Unusual Black 9th moves.} 12. f4 {[%emt 0:07:22] [#]} (12.
Re1 $14) 12... Rb8 $146 (12... Re8 $11 {is superior.}) ({
Predecessor:} 12... a6 13. Bf3 Rb8 14. Nc4 b5 15. axb5 axb5 16. Nxd6 Qxd6 17.
e5 Qd8 18. d6 Nce8 19. exf6 Bxf6 {0-1 (31) Holzer,J (1899)-Paerr,M (2079)
Bayern 2013}) 13. Re1 $14 Na6 (13... Re8 $11
{keeps the balance.}) 14. Bf3 $16 Nb4 15. Nc4 a6 (15... Rd8 $14) 16. e5 $18 Ne8 17. Ne4 (17. Be3 $18) 17... dxe5 (17... Bf5 $16) 18. fxe5 {[%emt 0:01:02] aiming for Bg5.} b5 19. axb5 axb5 20. Bg5 Qd7 21. Ncd6 (21. Nxc5 Qc7
22. Be3 bxc4 $11) (21. Na5 $18) 21... Bxe5 $2 (21... Nxd6 $1
$11 22. exd6 (22. Nxd6 c4 $11) 22... c4) 22. Nxe8 $1 ({And not
} 22. Nxc8 Rxc8 23. Nxc5 Qc7 $11) 22... Rxe8 (22... Bd4+ $2
23. Qxd4 $3 cxd4 24. N8f6+ Kg7 25. Nxd7 $18) 23. Bf6 ({
Much less strong is} 23. Nxc5 $6 Qc7 24. Ne4 Bf5 $16) 23... Qf5 (23... Qxd5 $2 24. Bxe5 (24. Qxd5 Nxd5 25. Bxe5 Rxe5 $16) 24... Qxe5 25. Nf6+
$1 Qxf6 26. Rxe8+ Kg7 27. Qd8 Qxd8 28. Rxd8 $18) (23... Nxd5 $2 24. Nxc5 Qf5
25. Bxe5 Rxe5 26. Rxe5 Qxe5 27. Qxd5 $18) 24. Bxe5 Rxe5 {
[%emt 0:00:08] [#]} 25. Bg4 $1 Rxd5 26. Bxf5
{[%emt 0:00:33] Strongly threatening Nf6+.} Rxd1 27. Raxd1 Bxf5 28. Nxc5 Rc8 29. Ne4 Rc2 30. Nc3 Rxb2 31. Nxb5 Nd3 32. Re8+ ({White should try} 32. Rb1 $1 $16) 32... Kg7 $11 33. Nd6 Nf4 34. Nxf5+ gxf5 {[%emt 0:00:04] Endgame KRR-KRN} 35. Kh1 Rxg2 36. Rf1 Rg4 37. Re3 Ng2 38. Rg3 Rxg3 39. hxg3 {
[%emt 0:00:07] KR-KN} Ne3 40. Rf3 Ng4 41. Rxf5 {[%emt 0:30:10] Intending Rg5+ and mate.} h6 {[%emt 0:
31:43] Against Rg5+} 42. Rf4 Nf6 43. Kg2 Nh7 44. Ra4 Ng5 45. Ra6 Kh7 46. Kf2 Kg7 47. Ke3 Ne6 48. Ra8 Ng5 49. Kf4 Ne6+ 50. Kg4 Kg6 51. Kh4 Kg7 (51... f6 $14 52. Ra5 Nd4) 52. Kh5 $1 $16 Kh7
{[%emt 0:00:00] [#]} 53. Ra7 (53. Ra6 $1 $16) 53... Kg7 (53... Ng7+ $1 $14 54. Kg4 Kg6 55. Ra6+ f6) 54. Ra6 (54. Rd7 $16) 54... Kh7 $14 {[%emt 0:00:00] [#]} 55. Kg4 (55. Kh4 $1 $16) 55... Kg6 56. Ra8 Kg7 57. Kf5 Nc7 58. Ra7 Ne6 59. Rd7 Ng5 60.
Rd6 Ne6 61. Kg4 Kg6 62. Kh4 Kg7 63. Kh5 Kh7 64. Rd1 Kg7 65.
Rf1 Ng5 66. g4 ({White
should play} 66. Rf4 $16) 66... Ne6 $11 {[%emt 0:00:00] The position is equal.}
67. Rf5 Ng5 68. Ra5 Ne6 69. Rf5 (69. Ra1 $5 ) 69... Ng5 70. Ra5 Ne6 {[%emt 0:00:00] White really
could win this. Weighted Error Value: White=0.17 (very precise) /Black=0.18 
(very precise)} 1/2-1/2

[Event "44th Chess Olympiad Women 2022"]
[Site "Chennai"]
[Date "2022.08.03"]
[Round "6.21"]
[White "Silva, Mariana Sofia T."]
[Black "Gueci, Tea"]
[Result "0-1"]
[WhiteElo "1912"]
[BlackElo "2254"]
[Annotator "TA"]
[PlyCount "62"]
[EventDate "2022.??.??"]
[TimeControl "60"]

1. d4 Nf6 2. c4 e6 3. g3 c5 4. d5 exd5 5. cxd5 d6 6. Bg2 g6 7. Nc3 Bg7 8. Nf3 O-O 9. O-O Nbd7 10. Bf4 Qe7 11. Re1 {[%emt 0:08:37] A62: Modern Benoni:
Fianchetto Variation without early ...Nbd7.} a6 12. a4 Ng4 13. e4 ({White should
play} 13. a5 $14) 13... Nge5 $11 14. Qe2 Rb8 (14... Nxf3+ $15 15. Qxf3 (15. Bxf3 g5 $11) 15... Ne5) 15. Nd2 Re8 16. h3 {[%emt 0:07:38] [#]} b6 $146 ({Predecessor:} 16... Qd8 17. Be3 f5 18. f4 Nf7 19. Kh2 Nf6 20.
exf5 Bxf5 21. Qf3 h5 22. Bf2 Qb6 23. Nde4 Nxe4 24. Nxe4 Qxb2 25. Ng5 Nxg5 26.
fxg5 Rf8 27. Ra3 Bd7 {0-1 (27) Bator,R (2410)-Bacrot,E (2705) Kallithea 2008})
17. Be3 g5 18. Nf1 c4 19. Red1 (19. Nd2 $1 $11) 19... Nd3 20. Qd2 h6 21. h4 gxh4 {[%emt 0:06:12] Hoping for ...N7c5.} 22. Bxh6 h3 ({Black should try} 22... N7c5 $19 {White must now
prevent ...Nb3.} 23. Bxg7 Kxg7) 23. Bh1 $2 (23. Bxh3 $2 N7e5
24. Bg2 {[#]} Nxf2 $1 25. Bxg7 Nh3+ 26. Kh1 (26. Kh2 $2 Kxg7 27. Ne2 Rh8 $19)
26... Kxg7 $19) ({White has to play} 23. Bxg7 $1 $15 Kxg7 24. Bxh3) 23... N7e5 24. Bg5 {[%emt 0:03:09] Inhibits Qf6.} (24. Bxg7 $17 Kxg7 25.
f4) 24... f6 $19 25. Bh6 (25. Be3) 25... Bxh6 26. Qxh6 Nxf2 27. Rd2 (27. Qf4 $142 Nxd1 28. Nxd1) 27...
Nfg4 {[%emt 0:00:51] Active counter play!} 28. Qxh3 b5 {
[%emt 0:01:15] [#] aiming for ...Qa7+.} 29. Qh5 Kg7 {[%emt 0:
00:51] Threatens to win with ...bxa4.} 30. Qh3 Qa7+ 31. Kg2 Ne3+ {[%emt 0:00:11] Weighted Error Value:
White=1.04/Black=0.16 (very precise)} 0-1

[Event "44th Chess Olympiad Women 2022"]
[Site "Chennai"]
[Date "2022.08.03"]
[Round "6.21"]
[White "Zimina, Olga"]
[Black "Chaves, Jussara"]
[Result "1-0"]
[WhiteElo "2340"]
[BlackElo "1933"]
[Annotator "TA"]
[PlyCount "73"]
[EventDate "2022.??.??"]
[TimeControl "60"]

1. d4 c6 2. Nf3 g6 3. c4 d5 4. e3 Bg7 5. Nbd2 Nf6 6. Be2 O-O 7. O-O Nbd7 8. b4 {[%emt 0:00:25] D02:1 d4 d5 2 Nf3 sidelines, including 2...Nf6 3 g3
and 2...Nf6 3 Bf4.} a5 9. b5 cxb5 10. cxb5 {[%emt 0:07:37] White has an edge.} a4 11.
Ba3 Nb6 12. Ne5 Ne8 13. Rc1 Nd6 {[%emt 0:
02:14] [#]} 14. Bc5 $146 ({Predecessor:} 14. Bb4 Bf5 15. Rc5
Re8 16. Bf3 f6 17. g4 fxe5 18. gxf5 e4 19. Bg4 Nxf5 20. Bxf5 gxf5 {0-1 (38)
Tejas,R (2124)-Meenakshi,S (2336) Nagpur 2008}) 14... f6 {[%emt 0:02:59] [#]} (
14... Bf5 $14 {deserves consideration.}) 15. Nd3 $1 $16 Bd7 16. Nf4 Ndc8 17. Nb1 {
[%emt 0:05:15] White is more active.} ({Better is} 17. Bg4) 17... g5 (17... Rf7 $142) 18. Nh5 Nc4 (18...
Bh6 $16 19. Bd3 Rf7) 19. Nc3 $18 N8b6 $2 {[%emt 0:00:00] [#]}
(19... Be6 20. e4 (20. Nxa4 N8d6 $16) 20... N4b6) 20. Nxd5 $1 Nxd5 21. Bxc4 Be6 22. e4 Nf4 23. Nxf4 Bxc4 24. Rxc4 gxf4 25. Qg4 {[%emt 0:01:19]
Hoping for Qe6+.} Kf7 (25... Qc8 {is a better chance.} 26. Qe2
(26. Qxf4 b6 $16) 26... f3 27. gxf3 Qd7) 26. b6 {[%emt 0:09:15][%cal Yc5e7]
Strongly threatening Bxe7!} Re8 27. Qxf4 Qd7 28. Rfc1 Rad8 29. Qf3 Kg8 30. h4 Kh8 31. Qf4 {[%emt 0:02:50] White is clearly winning.} Rg8 32. d5 Bf8 33. Be3 Rg4 34. Rc7 Rxf4 35. Rxd7 Rxd7 36. Bxf4 Rd8 37. Rc7 {[%emt 0:00:20] Weighted Error Value: White=0.18 (very precise)
/Black=0.50} 1-0

[Event "44th Chess Olympiad Women 2022"]
[Site "Chennai"]
[Date "2022.08.03"]
[Round "6.22"]
[White "Aulia, Medina Warda"]
[Black "Johannsdottir, Johanna Bjorg"]
[Result "1-0"]
[WhiteElo "2374"]
[BlackElo "1976"]
[Annotator "TA"]
[PlyCount "101"]
[EventDate "2022.??.??"]
[TimeControl "60"]

1. e4 c5 2. Nf3 d6 3. d4 cxd4 4. Nxd4 Nf6 5. Nc3 a6 6. Be2 e5 7. Nb3 Be7 8. O-O O-O 9. a4 Be6 10.
Bf3 {[%emt 0:00:05] B92: Sicilian Najdorf: 6 Be2.} Qc7 11. Re1 Rc8 {[%emt 0:01:17] The main line 11...Rc8 scores better than
11...Nbd7.} 12. h3 {[%emt 0:01:09] The position is equal.} h6 13. Be3 Nbd7 14. Nc1 {[%emt 0:01:06] [#]}
Rab8 $146 ({Predecessor:} 14... Bd8 15. N1e2 Qb8 16. Ng3 Ba5
17. Bd2 Qc7 18. Rb1 Nb6 19. b4 Nc4 20. Bc1 Bb6 {½-½ (35) Sasikiran,K (2677)
-Giri,A (2762) Antalya 2017}) 15. Nd3 Nb6 16.
Bc1 Bd8 17. Re2 Bc4 18. Bd2 Nbd7 19. b3 Bxd3 20. cxd3 Nc5 21. Be1 Ne6 22. Rb2 (22. Nd5
Nxd5 23. exd5 Nd4 $17) 22... Nd4 23. Bg4 Nxg4 24. Qxg4 f5 25. Qg6 f4 26. Qe8+ Kh7 27. Nd5 Qc6 28. Qf7 b6 (28... b5 $11) 29. Bc3 $16 {[%emt 0:02:36] aiming for Bxd4.
Black is now going downhill.} Rb7 30. Qh5 g6 31. Qd1 Ne6 32. Rc1 Rf7 ({Black should play} 32... Qd7) 33. Rbc2 {
[%emt 0:01:29][%cal Yc3e5] And now Bxe5! would win.} Qd7 34. f3 $1 b5 {[%emt 0:03:49] [#]} 35. a5 $1 Rxc3 (35... b4 {was worth a try.}) 36. Rxc3 $18 ({Don't play} 36. Nxc3 $6 Nd4 $18) 36... Bxa5 37. R3c2 Qa7+ 38. Kf1 Nd4 (38... Qd4 {was necessary.} 39. Rc6 Bb4) 39. Ra2 (39. Rc8 $142) 39... Bd8 {[%emt 0:00:23] [#]} (39... Bb6 {might work
better.} 40. b4 a5 41. bxa5 Bc5) 40. b4 $1 Bh4 (40... Qa8 $142 41. Rc3 Ra7) 41. Rc8 Bg3 42. Qc1 Ne6 43. Qb2 Bh2 {
[%emt 0:00:44] Hoping for ...Qg1+.} 44. Qf2 {[%emt 0:00:00] Prevents Qg1+.
Active counter play!} Qb7 45. Rc3 Nd4 46. Ra1 Nf5 47. Qb6 Ne3+ 48. Kf2 Bg3+ 49. Kg1 {[%emt 0:00:00][%cal Yd5f6] Nf6+! is the strong threat. Chess con
chili.} Nxd5 50. Qxb7 Rxb7 51. exd5 {[%emt 0:00:00] Weighted Error Value: White=0.11 (very precise) /
Black=0.30} 1-0

[Event "44th Chess Olympiad Women 2022"]
[Site "Chennai"]
[Date "2022.08.03"]
[Round "6.22"]
[White "Citra, Dewi Ardhiani Anast"]
[Black "Acevedo Mendez, Lisseth"]
[Result "1-0"]
[WhiteElo "2257"]
[BlackElo "1784"]
[Annotator "NA RC"]
[PlyCount "81"]
[EventDate "2022.??.??"]
[TimeControl "60"]

1. d4 Nf6 2. Bf4 d5 3. e3 e6 4. Nd2 c5 5. Ngf3 Nc6 6. c3 Bd6 7. Bg3 O-O 8. Bd3 b6 9. e4 Be7 10. e5 Nh5 11. Ng5 Bxg5 12. Qxh5 g6 13.
Qe2 cxd4 14. h4 Bh6 15. h5 Bg7 16. Nf3 dxc3 17. bxc3 f5 18.
hxg6 hxg6 19. Bf4 Qc7 20. Kf1 Kf7 21. Re1 Rh8 22. Rxh8 Bxh8 23. Qe3 Kg8 24. Nh4 Qh7 25. Qg3 Kf7 26. Nf3 Kf8 27. Ng5 Qg8 28.
Qh2 a5 29. Re3 Bg7 30. Rh3 Ra7 31. Nf3 Ba6 32. Bxa6 Rxa6 33. Bh6 Ra7 34. Bxg7+ Rxg7 35. Rh8 b5 36. Ng5 Nd8 37. Rxg8+ Kxg8 38. Qg3 Kf8 39. Qe3 Rc7 40. Qb6 Rc8 41. Nxe6+ 1-0

[Event "44th Chess Olympiad Women 2022"]
[Site "Chennai"]
[Date "2022.08.03"]
[Round "6.22"]
[White "Thorsteinsdottir, Hallgerdur"]
[Black "Mariroh, Fariha"]
[Result "0-1"]
[WhiteElo "1934"]
[BlackElo "1839"]
[Annotator "NA RC"]
[PlyCount "72"]
[EventDate "2022.??.??"]
[TimeControl "60"]

1. e4 c5 2. Nf3 d6 3. Bb5+ Bd7 4. Bxd7+ Qxd7 5. c4 Nf6 6. Nc3 g6 7. O-O Bg7 8. d4 cxd4 9. Nxd4 O-O 10. f3 Rc8 11. b3 d5 12. e5 Ne8 13.
Nxd5 e6 14. Nb4 Bxe5 15. Nbc2 Rd8 16. Be3 Nc6 17. Nxc6 Qxc6 18. Qe2 Bxa1 19. Rxa1 Qd6 20. Bd4 f6 21. f4 Kf7 22. Re1 Ng7 23. Qf3 Nf5 24. Ba1 Qd3 25. Qxb7+ Ne7 26. Nd4 Rxd4 27. Qxa8 Qd2 28. Rb1 Qe3+ 29. Kh1 Rxf4 30. h3 Qd3 31. Rg1 g5 32. Qxa7 g4 33. hxg4 Qg3 34. Rb1 Rxg4 35. Qb7 Rh4+ 36. Kg1 Qe3+ 0-1

[Event "44th Chess Olympiad Women 2022"]
[Site "Chennai"]
[Date "2022.08.03"]
[Round "6.23"]
[White "Cramling, Pia"]
[Black "Mezioud, Amina"]
[Result "1-0"]
[WhiteElo "2459"]
[BlackElo "2024"]
[Annotator "TA"]
[PlyCount "57"]
[EventDate "2022.??.??"]
[TimeControl "60"]

1. d4 Nf6 2.
c4 e6 3. Nf3 b6 4. e3 Bb7 5. Bd3 Be7 6. O-O O-O 7. Nc3 d6 {[%emt 0:04:39] E14: Queen's Indian: Classical Variation (4 e3).} 8.
e4 Nbd7 9. Re1 e5 {[%emt 0:
00:00] White is slightly better.} 10. Rb1 a5 {[%emt 0:05:26] 
[#]} 11. b3 $146 ({Predecessor:} 11. Bc2
exd4 12. Nxd4 Nc5 13. a3 Nfd7 14. Nd5 Re8 15. b4 Ne6 16. Nxe7+ Qxe7 17. Nf5 {
1-0 (35) Antoli Royo,J (2428)-Martinez Lopez,D (2209) Linares 2014}) 11... Re8 12. d5 {[%emt 0:03:02] White now steadily converts the win.}
g6 13. a3 Nh5 14. b4 Ng7 15. Qc2 Nf8 16. Be3 {[%emt 0:02:58][%cal Yc4c5] White is more active.} Ba6 (16... Nd7 $16) 17. bxa5 $18 bxa5 18.
c5 $1 Bxd3 19. Qxd3 f5 20. c6 g5 $2 {[%emt 0:06:00] [#]} (20... f4)
21. exf5 {[%emt 0:06:17] White is clearly winning.} g4 22. Nd2 Qc8 23. Rb7 Nxf5 (23... Qxf5 $142 24. Qxf5 Nxf5 25. Rxc7 Reb8) 24. Nb5 Nxe3 25. fxe3 g3 26. hxg3 Qg4 27. Ne4 Ng6 28. Nxc7 Rf8 29. Nxa8 {[%emt 0:01:10] Weighted Error Value: White=0.03 (flawless) /
Black=0.39} 1-0

[Event "44th Chess Olympiad Women 2022"]
[Site "Chennai"]
[Date "2022.08.03"]
[Round "6.23"]
[White "Hamza, Amira"]
[Black "Andric, Jelena"]
[Result "1-0"]
[WhiteElo "1848"]
[BlackElo "1993"]
[Annotator "NA RC"]
[PlyCount "129"]
[EventDate "2022.??.??"]
[TimeControl "60"]

1. d4 d5 2. Nf3 Nf6 3. g3 e6 4. Bg2 c5 5. O-O Nbd7 6. c4 Be7 7. Nc3 dxc4 8. Qa4 O-O 9. Qxc4 Nb6 10. Qd3 c4 11. Qc2 Nbd5 12. Ne5 Bd7 13.
Nxc4 Rc8 14. Ne5 Bb5 15. Re1 Nxc3 16. bxc3 Qxd4 17. Nc6 Qd7 18. Nxe7+ Qxe7 19. Qb3 Qd7 20. Rd1 Nd5 21. Ba3 Ba4 22. Qb2 Bxd1 23. Rxd1 Qa4 24. Rd4 Qa5 25. Bxf8 Kxf8 26. Bxd5 exd5 27. Qxb7 Qxc3 28. Rxd5 Qc1+ 29. Kg2 Qc6 30. Qb4+ Kg8 31. e4 h6 32. Ra5 Qb6 33. Qxb6 axb6 34. Rb5 Rc2 35. Rxb6 Rxa2 36. Rb3 g6 37. Kf3 Kg7 38. h4 h5 39. Re3 Kf6 40. Re2 Ra3+ 41. Kf4 Ke6 42. Re3 Ra2 43. f3 f6 44. Rb3 Ra6 45. Rb5 Rc6 46. g4 hxg4 47. Kxg4 Ra6 48. h5 gxh5+ 49. Kxh5 Ra3 50. Kg4 Ra4 51. Rb6+ Kf7 52. Rd6 Ke7 53. Rc6 Ra5 54. f4 Ra4 55. Kf5 Ra5+ 56. e5 fxe5 57. fxe5 Ra7 58. Rh6 Ra1 59. Rh7+ Kf8 60. Kf6 Kg8 61. Rg7+ Kf8 62. Rb7 Ra8 63. e6 Re8 64. e7+ Kg8 65. Rd7 1-0

[Event "44th Chess Olympiad Women 2022"]
[Site "Chennai"]
[Date "2022.08.03"]
[Round "6.23"]
[White "Johansson, Viktoria"]
[Black "Abdi, Zineb Dina"]
[Result "1-0"]
[WhiteElo "2041"]
[BlackElo "1899"]
[Annotator "NA RC"]
[PlyCount "117"]
[EventDate "2022.??.??"]
[TimeControl "60"]

1. d4 Nf6 2. c4 e6 3. Nc3 d5 4. cxd5 exd5 5. Bg5 c6 6. e3 h6 7. Bh4 Bf5 8. Qf3 Bh7 9. Bxf6 Qxf6 10. Qxf6 gxf6 11. Nge2 h5 12. Rc1 Nd7 13. Nf4 Bf5 14. Bd3 Bxd3 15. Nxd3 Rg8 16. g3 f5 17. Ke2 Bd6 18. Na4 Ke7 19. Nac5 Nxc5 20. Nxc5 Bxc5 21. Rxc5 Rh8 22. h4 a5 23. b3 Ra6 24. Rhc1 Rha8 25. R1c2 Rb6 26. Rb2 Ke6 27. f3 Rg8 28. Kf2 Ra6 29. Rd2 Raa8 30. e4 fxe4 31. fxe4 Kd6 32. exd5 cxd5 33. Rc3 Rg4 34. Rf3 Rag8 35. Rdd3 R8g7 36. Rf6+ Kd7 37. Rf5 Ke6 38. Re5+ Kd6 39. Rxh5 Re4 40. Rh6+ Kd7 41. Rb6 Kc7 42. Rb5 Kc6 43. a4 Rgg4 44. Rc3+ Kd6 45. Rb6+ Ke7 46. Rxb7+ Kf8 47. Rf3 Re7 48. Rxe7 Kxe7 49. Rf4 Rg6 50. Rf5 Ke6 51. Re5+ Kd6 52. Kf3 f6 53. Re8 Rg7 54. Rb8 f5 55. Rb6+ Kc7 56. Rb5 Kc6 57. Rc5+ Kd6 58. Rxa5 Rg4 59. Ra6+ 1-0

[Event "44th Chess Olympiad Women 2022"]
[Site "Chennai"]
[Date "2022.08.03"]
[Round "6.23"]
[White "Nassr, Lina"]
[Black "Cramling Bellon, Anna"]
[Result "1/2-1/2"]
[WhiteElo "2011"]
[BlackElo "2065"]
[Annotator "NA RC"]
[PlyCount "131"]
[EventDate "2022.??.??"]
[TimeControl "60"]

1. d4 d5 2. Nf3 Nf6 3. e3 e6 4. Bd3 Bd6 5. b3 O-O 6. Bb2 b6 7. Nbd2 Bb7 8. O-O Ne4 9. c4 f5 10. cxd5 exd5 11. Ne5 Nd7 12. Ndf3 c5 13. Nxd7 Qxd7 14. Ne5 Qe7 15. f3 Ng5 16. f4 Ne4 17. Bxe4 fxe4 18. Qg4 Bc8 19. Qe2 a5 20. Rfd1 Bxe5 21. dxe5 Qe6 22. Rd2 Ba6 23. Qh5 Rad8 24. Rad1 Bd3 25. Re1 Qg6 26. Qxg6 hxg6 27. h4 b5 28. a3 b4 29. axb4 axb4 30. Rc1 c4 31. Bd4 Ra8 32. g4 c3 33.
Rdd1 Ra3 34. Bc5 Rb8 35. Rxc3 bxc3 36. Bxa3 Rxb3 37. Bc1 Be2 38. Re1 Bxg4 39. Kf2 Kf7 40. Rg1 Bf5 41. Ke1 Bd7 42. Rg2 Bb5 43. Ra2 Bd3 44. Ra3 Rxa3 45. Bxa3 Ke6 46. Bb4 c2 47. Kd2 d4 48. exd4 e3+ 49. Kc1 Kd5 50. Be1 Bf5 51. Ba5 Kxd4 52. e6 Kd3 53.
e7 Bd7 54. Bb6 Ba4 55. Ba7 Ke2 56. e8=Q Bxe8 57. Kxc2 Ba4+ 58. Kc3 Kf3 59. Kd3 Bb5+ 60. Kc2 Kxf4 61. Kd1 Kf3 62. Ke1 e2 63. Bc5 Kg4 64. Be7 Kg3 65. Bg5 Kf3 66. Bd8 1/2-1/2

[Event "44th Chess Olympiad Women 2022"]
[Site "Chennai"]
[Date "2022.08.03"]
[Round "6.24"]
[White "Hapala, Elisabeth"]
[Black "Ramirez Gonzalez, Maria Jose"]
[Result "1-0"]
[WhiteElo "2113"]
[BlackElo "1809"]
[Annotator "NA RC"]
[PlyCount "115"]
[EventDate "2022.??.??"]
[TimeControl "60"]

1. e4 e5 2. Nf3 Nc6 3. Bb5 Nge7 4. Nc3 d6 5. O-O a6 6. Ba4 Bd7 7. Re1 Ng6 8. Nd5 Be7 9. c3 O-O 10. d4 b5 11. Bc2 a5 12. h3 Re8 13.
Nxe7+ Ncxe7 14. a4 exd4 15. cxd4 b4 16. Bb3 c5 17. dxc5 dxc5 18.
Bxf7+ Kxf7 19. Qb3+ Nd5 20. Qxd5+ Be6 21. Ng5+ Kg8 22. Nxe6 Qxd5 23. exd5 Nf8 24. Bf4 Nxe6 25. dxe6 c4 26. Rad1 Rac8 27. Rd5 c3 28. bxc3 Rxc3 29. Rxa5 Rc4 30. Bd6 b3 31. Rb5 Rd4 32. Bg3 Rxa4 33. Rxb3 Ra6 34. Rbe3 g5 35. h4 h6 36. hxg5 hxg5 37. Re5 Kh7 38. Rxg5 Raxe6 39. Rxe6 Rxe6 40. f4 Re7 41. Kf2 Re6 42. Re5 Rf6 43. Kf3 Rg6 44. f5 Rf6 45. Bh4 Rf8 46. g4 Kh6 47. Re6+ Kh7 48.
Kf4 Kh8 49. Bf6+ Kh7 50. Re7+ Kg8 51. Rg7+ Kh8 52. Rf7+ Kg8 53. Rxf8+ Kxf8 54. g5 Kg8 55. g6 Kf8 56. Kg5 Kg8 57. Kh6 Kf8 58. Kh7 1-0

[Event "44th Chess Olympiad Women 2022"]
[Site "Chennai"]
[Date "2022.08.03"]
[Round "6.24"]
[White "Mayorga Araya, Sofia"]
[Black "Mayrhuber, Nikola"]
[Result "0-1"]
[WhiteElo "1758"]
[BlackElo "2141"]
[Annotator "NA RC"]
[PlyCount "90"]
[EventDate "2022.??.??"]
[TimeControl "60"]

1. e4 c5 2. Nf3 d6 3. Bb5+ Nd7 4. d4 cxd4 5. Qxd4 a6 6. Bxd7+ Bxd7 7. c4 Nf6 8. Nc3 g6 9. Nd5 Bg7 10. Bg5 O-O 11. e5 Nxd5 12. Qxd5 Bc6 13. Qd3 Bxf3 14. Qxf3 Qa5+ 15. Bd2 Qxe5+ 16. Qe2 Qxb2 17. O-O Bc3 18. Rfd1 Bxd2 19. Qxd2 Qxd2 20. Rxd2 Rac8 21. Rd4 Rc7 22. Kf1 Rfc8 23. Rb1 Rxc4 24. Rxc4 Rxc4 25. Rxb7 Rc1+ 26. Ke2 Rc2+ 27. Kf3 Kf8 28. g4 Rxa2 29. g5 Ra5 30. Rb8+ Kg7 31. h4 Rf5+ 32. Kg3 h6 33. gxh6+ Kxh6 34. Rb7 Re5 35. Ra7 a5 36. f4 Rb5 37. Rxe7 Kg7 38. Rd7 d5 39. Kg4 a4 40. h5 gxh5+ 41. Kg5 Ra5 42. f5 a3 43. f6+ Kg8 44. Rd8+ Kh7 45. Rd7 d4+ 0-1

[Event "44th Chess Olympiad Women 2022"]
[Site "Chennai"]
[Date "2022.08.03"]
[Round "6.24"]
[White "Trippold, Denise"]
[Black "Diaz Charpentier, Kristel Meliss"]
[Result "1/2-1/2"]
[WhiteElo "2151"]
[BlackElo "1989"]
[Annotator "TA"]
[PlyCount "89"]
[EventDate "2022.??.??"]
[TimeControl "60"]

1. d4 Nf6 2.
c4 e6 3. Nf3 Bb4+ 4. Nbd2 O-O 5. a3 Bxd2+ 6. Qxd2 b6 7. e3 Bb7 8. Be2 d6 9. b4 a5 10. Bb2 Nbd7 11. O-O Ne4 12. Qc2 f5 13. d5 {[%emt 0:01:33] E14: Queen's Indian:
Classical Variation (4 e3).} e5 {[%emt 0:00:16] Inhibits Nd4.} 14. Nd2 Nxd2 15. Qxd2 {[%emt 0:00:07] White is
slightly better.} f4 16. exf4 Rxf4 {[%emt 0:
00:00] [#]} 17. Rae1 $146 ({Predecessor:} 17. g3 Rf8 18. Bg4
Kh8 19. Rae1 axb4 20. axb4 b5 21. cxb5 Nb6 22. Be6 Ra2 23. Ra1 {0-1 (54)
Potkin,V (2613)-Savic,M (2525) Budva 2009}) 17... axb4 18.
axb4 b5 19. c5 dxc5 20. bxc5 Nxc5 21. Bxe5 Rf7 {[%emt 0:02:47] [#]} 22. Bxb5 {[%emt 0:14:10] This bishop
pair is nice.} (22. Rd1 $1 $16) 22... Qxd5 $14 23. Qxd5 Bxd5 24. Rc1 Ne6 25. Rfd1 Rd8 26. Bg3 c6 27. Bd3 Rfd7 (27... Bb3 $5 28. Bc2 Rxd1+ 29. Bxd1 Bxd1 30. Rxd1 c5 $11) 28. Bf5 {[%emt 0:00:
00][%cal Yd1d5] And now Rxd5! would win.} g6 29. Bg4 {[%emt 0:
00:00][%cal Yd1d5] Black must now prevent Rxd5!} Kf7 30. Re1 Re8 {[%emt 0:00:56] The position is equal.} 31. h4 h5 32. Be2 Nd4 33. Bd3
{[%emt 0:00:24][%cal Yd3g6] Strongly threatening Bxg6+!} Rxe1+ 34. Rxe1 c5 35. Re5 {[%emt 0:03:26] Black
should prevent Rg5.} Be6 36. Rxc5 Nf3+ $1 {
[%emt 0:00:27] [#] Discovered Attack} 37. gxf3 Rxd3 $11 {
[%emt 0:00:04] Endgame KRB-KRB} 38. Kg2 Bd5 39. Rc1 Bxf3+ 40. Kh2 Ke6 41. Re1+ Kf5 42. Re5+ Kf6 43. Re3 Rxe3 44. fxe3 Kf5 45. Bf4 {[%emt 0:00:14]
Weighted Error Value: White=0.07 (flawless) /Black=0.04 (flawless)} 1/2-1/2

[Event "44th Chess Olympiad Women 2022"]
[Site "Chennai"]
[Date "2022.08.03"]
[Round "6.25"]
[White "Asgharzadeh, Mitra"]
[Black "Khan, Nazrana"]
[Result "1-0"]
[WhiteElo "1988"]
[BlackElo "1829"]
[Annotator "NA RC"]
[PlyCount "87"]
[EventDate "2022.??.??"]
[TimeControl "60"]

1. e4 c5 2. Nf3 e6 3. d3 Nc6 4. g3 g6 5. Bg2 Bg7 6. O-O Nge7 7. c3 O-O 8.
Re1 Qc7 9. Nbd2 a6 10. h4 h5 11. Nf1 b5 12. Bf4 e5 13. Be3 d6 14. Qd2 Bb7 15.
N1h2 Bc8 16. Ng5 f6 17. Nh3 Nd8 18. f4 Rb8 19. Rf1 Bd7 20.
f5 Qc8 21. Nf2 gxf5 22. Qe2 Be8 23. Bf3 fxe4 24. dxe4 f5 25.
Bg5 Qe6 26. Bxh5 Bxh5 27. Qxh5 Ndc6 28. exf5 Qxf5 29. Rad1 d5 30. Nd3 Qh3 31. Qg4 Qxg4 32. Nxg4 c4 33. Nc5 Ng6 34. Rxd5 Rxf1+ 35. Kxf1 Nce7 36. Rd7 Nf5 37. Ne4 Nf8 38. Ra7 Ne6 39. Nef6+ Kh8 40. Nxe5 Nxg3+ 41. Kg2 Bxf6 42. Bxf6+ Kg8 43.
Kxg3 Rf8 44. Ng4 1-0